Map: Ruins of Seras

Players

ReacH - Winner!

  • Race: Protoss Protoss
  • League: Diamond

서영웅

  • Race: Zerg Zerg
  • League: Diamond

VOD

Have the link to the VOD?

Description

Time

  • Played on: March 22, 2016, 11:27 p.m.
  • Length: 13:53
Show
View Real Time Build Order
Export as new Build Order

ReacH Protoss - Winner!

Build Orders: 1 Gate Expand 

Get SALT Encoding   

  12  0:01  Probe (Chrono Boost)  
  13  0:11  Probe (Chrono Boost)  
  14  0:19  Pylon  
  14  0:23  Probe (Chrono Boost)  
  15  0:37  Probe (Chrono Boost)  
  15  0:40  Gateway  
  16  0:47  Assimilator  
  17  0:50  Probe (Chrono Boost)  
  17  1:00  Probe (Chrono Boost)  
  18  1:11  Probe (Chrono Boost)  
  19  1:21  Probe (Chrono Boost)  
  20  1:30  Nexus  
  20  1:32  Probe (Chrono Boost)  
  21  1:43  Probe (Chrono Boost)  
  21  1:46  Cybernetics Core  
  22  1:52  Assimilator  
  22  2:00  Pylon, Probe (Chrono Boost)  
  23  2:22  Stalker  
  26  2:23  Warp Gate  
  25  2:30  Probe (Chrono Boost)  
  26  2:41  Twilight Council  
  26  2:42  Probe (Chrono Boost)  
  27  2:47  Pylon  
  27  2:49  Probe (Chrono Boost)  
  28  2:52  Adept, Probe (Chrono Boost)  
  31  3:02  Probe (Chrono Boost)  
  32  3:06  Probe (Chrono Boost)  
  34  3:19  Adept, Probe (Chrono Boost)  
  36  3:20  Resonating Glaives (Chrono Boost)  
  36  3:26  Probe  
  34  3:36  Pylon  
  34  3:39  Mothership Core  
  34  3:41  Probe  
  31  3:46  Adept  
  33  3:53  Probe  
  32  3:59  Probe  
  30  4:05  Probe  
  30  4:09  Pylon, Probe  
  30  4:17  Probe  
  30  4:20  Probe  
  29  4:26  Gateway  
  29  4:29  Probe  
  29  4:38  Adept  
  31  4:41  Gateway  
  31  4:49  Pylon  
  31  4:58  Gateway  
  27  5:02  Sentry  
  28  5:09  Pylon  
  28  5:24  Pylon  
  28  5:25  Pylon  
  28  5:27  Pylon  
  28  5:30  Sentry  
  30  5:38  Adept  
  32  5:43  Pylon  
  32  5:57  Adept x2  
  32  6:03  Stargate  
  36  6:12  Cybernetics Core  
  36  6:19  Zealot x2  
  40  6:42  Zealot x3  
  46  6:52  Oracle (Chrono Boost)  
  49  7:10  Sentry x3  
  55  7:24  Oracle (Chrono Boost)  
  54  7:45  Nexus  
  52  7:54  Oracle (Chrono Boost)  
  55  8:12  Pylon  
  55  8:16  Blink (Chrono Boost)  
  53  8:27  Oracle  
  46  9:05  Oracle  
  49  9:10  Probe x2  
  49  9:14  Gateway  
  49  9:16  Gateway  
  51  9:18  Gateway  
  51  9:22  Probe  
  52  9:26  Probe  
  53  9:34  Probe  
  53  9:36  Probe  
  55  9:42  Pylon  
  55  9:46  Probe  
  55  9:51  Probe  
  56  9:58  Probe  
  58  10:02  Probe  
  59  10:10  Probe  
  59  10:12  Probe  
  58  10:20  Pylon, Assimilator  
  58  10:21  Assimilator  
  58  10:28  Forge  
  58  10:31  Sentry x3  
  58  10:32  Sentry, Stalker  
  58  10:35  Sentry  
  70  11:04  Pylon  
  70  11:06  Pylon  
  70  11:08  Stalker x4  
  70  11:09  Stalker  
  80  11:19  Stalker  
  82  11:30  Protoss Ground Weapons Level 1  
  82  11:33  Stalker x2  
  82  11:38  Stalker  
  81  12:08  Stalker x2  
  81  12:09  Stalker x3  
  91  12:27  Stalker  
  81  12:56  Stalker x2  
  81  12:57  Stalker x4  
  74  13:30  Stalker x4  
  74  13:31  Stalker x2  
Show
View Real Time Build Order
Export as new Build Order

서영웅 Zerg 

Build Orders: Hatch First 

Get SALT Encoding   

  12  0:00  Drone  
  13  0:08  Drone  
  14  0:17  Overlord  
  16  0:35  Drone x2  
  16  0:36  Drone  
  17  0:46  Drone  
  18  0:57  Hatchery  
  18  1:00  Extractor  
  18  1:01  Drone  
  17  1:19  Spawning Pool, Drone  
  17  1:24  Drone  
  18  1:33  Drone  
  19  1:41  Drone  
  20  1:51  Overlord  
  20  2:06  Queen  
  20  2:07  Metabolic Boost  
  22  2:09  Zergling x4  
  22  2:13  Queen  
  26  2:16  Drone  
  26  2:22  Drone  
  28  2:29  Zergling x2  
  29  2:30  Zergling x2  
  29  2:34  Zergling x2  
  31  2:41  Zergling x2  
  32  2:48  Zergling x2  
  33  2:52  Overlord  
  32  3:08  Zergling x6  
  35  3:14  Zergling x6  
  37  3:26  Zergling x10  
  42  3:31  Zergling x2  
  42  3:32  Zergling x2  
  41  3:42  Zergling x4  
  41  3:51  Zergling x2  
  39  4:05  Zergling x2  
  39  4:06  Hatchery, Zergling x4  
  38  4:26  Zergling x12  
  38  4:28  Drone  
  42  4:41  Hatchery  
  42  4:43  Roach Warren  
  37  5:08  Drone  
  37  5:09  Drone x7  
  37  5:12  Overlord  
  42  5:18  Extractor  
  40  5:22  Zergling x4  
  40  5:35  Zergling x4  
  40  5:40  Drone  
  40  5:41  Drone x2  
  43  5:46  Lair  
  43  5:49  Spore Crawler  
  42  5:50  Spine Crawler  
  42  5:51  Spore Crawler  
  42  5:54  Spine Crawler, Queen  
  41  5:57  Drone x2  
  41  5:58  Drone x3  
  41  6:13  Drone x5  
  46  6:20  Extractor  
  46  6:21  Extractor  
  46  6:23  Drone x3  
  46  6:33  Drone x3  
  47  6:40  Roach x3  
  47  6:46  Drone  
  55  6:47  Spore Crawler, Drone x2  
  55  6:53  Drone x3  
  58  6:59  Drone x2  
  58  7:00  Drone  
  61  7:10  Drone x2  
  61  7:13  Overlord  
  63  7:17  Overlord  
  53  7:33  Roach  
  53  7:34  Roach x4  
  61  7:57  Zergling x14  
  68  8:05  Queen x2  
  62  8:11  Roach x2  
  62  8:12  Roach x2  
  67  8:27  Overlord  
  67  8:28  Overlord x2  
  67  8:41  Queen  
  57  9:07  Zergling x4  
  57  9:08  Zergling x8  
  59  9:16  Queen  
  61  9:26  Hydralisk Den  
  61  9:30  Hatchery  
  59  9:31  Hatchery  
  59  9:36  Spore Crawler  
  57  9:39  Drone x3  
  57  9:40  Spore Crawler  
  57  9:43  Drone x2  
  57  9:44  Drone x2  
  62  9:52  Queen  
  60  10:00  Hydralisk x6  
  70  10:08  Drone  
  71  10:16  Hydralisk  
  71  10:19  Muscular Augments  
  73  10:26  Evolution Chamber  
  72  10:32  Drone x2  
  72  10:33  Drone  
  72  10:34  Drone x7  
  72  10:35  Drone  
  83  10:40  Hatchery  
  82  10:48  Hydralisk  
  82  10:49  Hydralisk x3  
  90  11:02  Drone x2  
  92  11:05  Spore Crawler, Drone x5  
  95  11:15  Zergling x2  
  96  11:35  Evolution Chamber  
  96  11:36  Evolution Chamber  
  94  11:40  Hydralisk  
  94  11:44  Overlord x2  
  94  11:45  Overlord x3  
  74  12:03  Hydralisk x4  
  74  12:04  Hydralisk x8  
  74  12:06  Hydralisk  
  87  12:16  Hydralisk  
  87  12:17  Hydralisk x3  
  83  12:37  Hydralisk  
  83  12:38  Hydralisk x6  
  83  12:43  Hydralisk x2  
  79  12:51  Hydralisk x2  
  79  12:52  Hydralisk  
  79  12:57  Hydralisk  
  78  13:01  Hydralisk x2  
  70  13:12  Hydralisk  
  70  13:13  Hydralisk x2  
  70  13:19  Hydralisk  
Tags
 
Add a new tag
Caveats
  • Supply blocks, unpowered buildings, or Contaminate may cause inaccurate times.
  • Supply counts are checked every 10 seconds.